 Dungeon Crawl Stone Soup version 0.28-a0-1567-g1695149f81 (webtiles) character file.

Game seed: 22353164780433382

1794 issech the Cudgeller (level 8, -4/78 HPs)
             Began as a Troll Fighter on Jan 19, 2022.
             Slain by a troll (7 damage)
             ... on level 4 of the Dungeon.
             The game lasted 00:25:30 (4604 turns).

issech the Cudgeller (Troll Fighter)                Turns: 4604, Time: 00:25:32

Health: -4/78      AC:  5    Str: 25    XL:     8   Next: 82%
Magic:  7/7        EV:  9    Int: 10    God:
Gold:   522        SH: 10    Dex: 11    Spells: 7/7 levels left

rFire   . . .      SeeInvis .   n - +3 morningstar (protect)
rCold   . . .      Faith    .   c - +2 kite shield
rNeg    + . .      Spirit   .   b - +0 robe
rPois   .          Reflect  .   (helmet restricted)
rElec   .          Harm     .   o - +0 cloak
rCorr   .          Rampage  .   (gloves unavailable)
Will    .....                   (boots unavailable)
Stlth   +.........              (no amulet)
HPRegen 1.03/turn               j - +6 ring of intelligence
MPRegen 0.10/turn               v - ring of positive energy

@: no status effects
A: large, unfitting armour, claws 3, regeneration 1, shaggy fur 1, tough skin 1
a: no special abilities


You were on level 4 of the Dungeon.
You visited 1 branch of the dungeon, and saw 5 of its levels.

You collected 648 gold pieces.
You spent 126 gold pieces at shops.

Inventory:

Hand Weapons
 a - a +0 flail
 e - a +0 dagger of freezing
 f - a +4 quarterstaff of chaos
 n - a +3 morningstar of protection (weapon)
 p - a +0 mace
 x - a +0 spear
 y - a +0 flail
 z - a +0 flail
 A - a +0 club
 B - a +0 whip
 D - the +1 long sword of the Asp {freeze, rC+ Will++ rCorr Int+4}
   (You found it on level 4 of the Dungeon)

   It freezes those it strikes, dealing additional cold damage.
   It can also slow down cold-blooded creatures.
   Int:       It affects your intelligence (+4).
   rC:        It protects you from cold.
   rCorr:     It protects you from acid and corrosion.
   Will:      It greatly increases your willpower.
 F - a +0 giant club
 G - a +0 hunting sling
 H - a +0 giant club
 I - a +2 dagger of freezing
Missiles
 g - 94 stones (quivered)
 h - 5 poisoned darts
 m - 84 arrows
 J - 18 bolts
Armour
 b - a +0 robe (worn)
 c - a +2 kite shield (worn)
 o - a +0 cloak (worn)
 C - a +0 leather armour
Jewellery
 j - a +6 ring of intelligence (left claw)
 v - a ring of positive energy (right claw)
 K - the amulet of Pucrex {Acrobat rN+ Int+5 Stlth+}
   (You found it on level 5 of the Dungeon)

   [amulet of the acrobat]

   It increases your evasion while moving and waiting.
   Int:       It affects your intelligence (+5).
   rN:        It protects you from negative energy.
   Stlth:     It makes you more stealthy.
Scrolls
 r - 2 scrolls of amnesia {unknown}
 t - a scroll of blinking {unknown}
 u - a scroll of teleportation {unknown}
 w - 4 scrolls of identify {unknown}
 E - a scroll of silence
Potions
 d - a potion of might
 i - a potion of mutation {unknown}
 k - a potion of ambrosia {unknown}
 l - 2 potions of haste {unknown}
 q - 3 potions of curing {unknown}
 s - a potion of heal wounds {unknown}


   Skills:
 + Level 4.3 Fighting
 + Level 7.5 Maces & Flails
 + Level 4.5 Dodging
 + Level 0.8 Stealth
 + Level 4.6 Shields


You had 7 spell levels left.
You didn't know any spells.
Your spell library contained the following spells:

 Spells                   Type           Power      Damage    Failure   Level
 Freeze                   Ice            0%         1d3       65%         1
 Summon Small Mammal      Summ           0%         N/A       65%         1
 Frozen Ramparts          Ice            0%         1d2       95%         3
 Ozocubu's Armour         Ice            0%         N/A       95%         3
 Hailstorm                Conj/Ice       0%         3d3       100%        4
 Ozocubu's Refrigeration  Ice            0%         4d5       100%        7


Dungeon Overview and Level Annotations

Branches:
Dungeon (5/15)             Temple (0/1) D:5

Altars:
Dithmenos
Hepliaklqana
Kikubaaqudgha
Ru
Sif Muna
Vehumet
The Shining One

Shops:
D:2 (***


Innate Abilities, Weirdness & Mutations

You are too large for most types of armour.
You have claws for hands.
Your natural rate of healing is unusually fast.
You are covered in fur. (AC +1)
You have tough skin. (AC +1)


Message History

Found 22 stones.
Things that are here:
a +0 trident; a +0 plate armour The troll bites you.
The troll claws you! You block the troll's attack.
You block the troll's attack. The troll barely misses you. The troll claws you!
There is a stone staircase leading down here.
There is a stone staircase leading up here.
The troll bites you but does no damage. The troll claws you!
You block the troll's attack.
You climb upwards.
There is a stone staircase leading down here.
You hit the troll.
Your weapon exudes an aura of protection.
The troll is lightly wounded.
The troll bites you but does no damage. You block the troll's attack.
The troll claws you but does no damage. The troll bites you but does no damage.
You block the troll's attack. The troll claws you!
You puncture the troll!
The troll is moderately wounded.
The troll bites you. You block the troll's attack.
The troll claws you but does no damage.
You closely miss the troll.
The troll is moderately wounded.
You block the troll's attack. The troll closely misses you.
You block the troll's attack.
You closely miss the troll.
The troll is lightly wounded.
The troll bites you but does no damage. The troll claws you but does no damage.
The troll claws you!
You closely miss the troll.
The troll is lightly wounded.
You block the troll's attack. x2; The troll misses you.
You closely miss the troll.
The troll is lightly wounded.
The troll bites you! The troll claws you. The troll claws you!
* * * LOW HITPOINT WARNING * * *
The troll bites you!
* * * LOW HITPOINT WARNING * * *
The troll claws you!
You die...

##### ##@..## #.T...# #.....#
#.....# #.....#
################...##############
....#..............##.#..#..#..#.
.........#...#...................
.........#...#...................


You could see a troll.

Vanquished Creatures
  Grinder (D:3)
  An orc warrior (D:5)
  2 sky beasts (D:5)
  A necrophage (D:5)
  A black bear (D:5)
  2 ogres (D:4)
  2 phantoms (D:5)
  A centaur zombie (D:5)
  A bullfrog zombie (D:5)
  5 hounds
  A jelly (D:5)
  Crazy Yiuf (D:2)
  2 gnoll shamans
  2 orc priests (D:5)
  A bullfrog skeleton (D:5)
  2 centaur skeletons
  3 iguanas (D:5)
  12 gnolls
  A howler monkey skeleton (D:5)
  6 adders
  An ufetubus (D:4)
  An adder skeleton (D:4)
  4 worms
  11 orcs
  4 ball pythons
  2 bats
  4 endoplasms
  5 giant cockroaches
  3 goblins
  5 hobgoblins
  5 jackals (D:1)
  2 quokkas
  6 frilled lizards
  6 kobolds
  8 rats
115 creatures vanquished.

Vanquished Creatures (others)
  5 fungi (D:2)
5 creatures vanquished.

Grand Total: 120 creatures vanquished

Notes
Turn   | Place    | Note
-------+----------+-------------------------------------------
     0 | D:1      | issech the Troll Fighter began the quest for the Orb.
     0 | D:1      | Reached XP level 1. HP: 22/22 MP: 0/0
   281 | D:1      | Reached XP level 2. HP: 29/29 MP: 1/1
   284 | D:1      | Found a faded altar of an unknown god.
   999 | D:1      | HP: 1/29 [gnoll (8)]
  1031 | D:1      | Reached skill level 2 in Maces & Flails
  1031 | D:1      | Reached XP level 3. HP: 36/36 MP: 2/2
  1177 | D:1      | Reached XP level 4. HP: 44/44 MP: 3/3
  1218 | D:2      | Found Tomyor's Assorted Antiques.
  1266 | D:2      | Found Buad's Assorted Antiques.
  1375 | D:2      | Found Detaith's General Store.
  1490 | D:2      | Found Hifeor's Antique Armour Boutique.
  1748 | D:2      | Found Vun Vuur's Antique Weapon Shop.
  1756 | D:2      | Bought a runed morningstar for 126 gold pieces
  2057 | D:2      | Found a runed translucent door.
  2058 | D:2      | Noticed Crazy Yiuf
  2069 | D:2      | Killed Crazy Yiuf
  2397 | D:3      | Reached XP level 5. HP: 52/52 MP: 4/4
  2560 | D:3      | Noticed Grinder
  2574 | D:3      | Killed Grinder
  2575 | D:3      | Reached skill level 4 in Maces & Flails
  2575 | D:3      | Reached XP level 6. HP: 61/61 MP: 5/5
  2695 | D:4      | Found a glowing golden altar of the Shining One.
  2695 | D:4      | Found a shadowy altar of Dithmenos.
  2696 | D:4      | Found a sacrificial altar of Ru.
  2772 | D:4      | Identified the +1 long sword of the Asp {freeze, rC+ Will++
                  | rCorr Int+4}
  3039 | D:4      | Reached XP level 7. HP: 54/67 MP: 6/6
  3072 | D:4      | Reached skill level 5 in Maces & Flails
  3211 | D:4      | Found a hazy altar of Hepliaklqana.
  3285 | D:4      | Found a radiant altar of Vehumet.
  3285 | D:4      | Found an ancient bone altar of Kikubaaqudgha.
  3286 | D:4      | Found a shimmering blue altar of Sif Muna.
  3294 | D:4      | Got Sif Muna's Incunabulum of Creation
  3471 | D:5      | Entered Level 5 of the Dungeon
  3754 | D:5      | Found a staircase to the Ecumenical Temple.
  3859 | D:5      | Reached skill level 6 in Maces & Flails
  3859 | D:5      | Reached XP level 8. HP: 52/78 MP: 7/7
  4169 | D:5      | Reached skill level 7 in Maces & Flails
  4329 | D:5      | Identified the amulet of Pucrex {Acrobat rN+ Int+5 Stlth+}
  4515 | D:5      | Noticed a troll
  4604 | D:4      | HP: 3/78 [troll (12)]
  4604 | D:4      | Slain by a troll

Illustrated notes

Levels and vault maps discovered:
D:1:      psy_arrival_whirlpool, layout_loops_cross,
          shapermc_ecumenical_altar_totnotflames
D:2:      layout_loops_corners, serial_shops, shop,
          nicolae_shop_window_shopping, nicolae_square_shop,
          nicolae_lakefront_shop, shop, hangedman_abyss_or_decor_stabs,
          uniq_crazy_yiuf_cottage
D:3:      layout_rooms, uniq_grinder
D:4:      layout_gridville, grunt_temple_overflow_magic_moments,
          mainiacjoe_overflow_alcove_2,
          chequers_temple_overflow_statue_of_worship, minmay_liquid_box
D:5:      minmay_polygon_palace, layout_basic, minmay_temple_entry_hall,
          minmay_small_thing

Skill      XL: |  1  2  3  4  5  6  7  8 |
---------------+-------------------------+-----
Maces & Flails | 2 4 6 7 |  7.5
Dodging        | 3 4 |  4.5
Shields        | 3 4 |  4.6
Fighting       | 3 4 |  4.3
Stealth        | |  0.8

Action                   |  1- 3 |  4- 6 |  7- 9 || total
-------------------------+-------+-------+-------++-------
Melee: Flail             |   121 |    29 |       ||   150
       Morningstar       |       |    94 |   212 ||   306
Throw: Stone             |     4 |       |       ||     4
  Use: Scroll            |     3 |     1 |       ||     4
Armor: Robe              |    43 |    38 |   102 ||   183
Dodge: Dodged            |    61 |    37 |    67 ||   165
Block: Kite shield       |    77 |    57 |   116 ||   250

Table legend: (Time is in decaauts)
 A = Elapsed time spent in this place.
 B = Non-inter-level travel time spent in this place.
 C = Inter-level travel time spent in this place.
 D = Time resting spent in this place.
 E = Time spent auto-exploring this place.
 F = Levels seen in this place.
 G = Mean time per level.
                   A        B        C        D        E       F      G
               +--------+--------+--------+--------+--------+-----+--------+
         Total |   4785 |   4481 |    304 |     18 |   2028 |   5 |  957.0 |
       Dungeon |   4785 |   4481 |    304 |     18 |   2028 |   5 |  957.0 |
               +--------+--------+--------+--------+--------+-----+--------+

Top non-repeatable levels by time:
     D:2: 1274 daAuts
     D:5: 1183 daAuts
     D:1: 992 daAuts
     D:4: 853 daAuts
     D:3: 482 daAuts
